MID
LEXINGTON LEGENDS @ BURLINGTON BEES
06/14/2044
 
TOP OF THE 1ST
Lexington Legends batting - Pitching for Burlington Bees : RHP Dave Jackson
Pitching: RHP Dave Jackson
Batting: RHB Danny Weisse 0-0: SOLO HOME RUN (Line Drive, 7D, EV 106.9 MPH), Distance : 419 ft
Batting: RHB Justin Bonner 0-0: Fly out, F3 (Popup, 3F, EV 69.4 MPH)
Batting: LHB Danny Bailey 0-0: Called Strike
0-1: Ball
1-1: Ball
2-1: Ground out 3-1 (Groundball, 13, EV 85.0 MPH)
Batting: LHB Robby Diaz 0-0: Ball
1-0: SINGLE (Groundball, 6S, EV 67.5 MPH) (infield hit)
Batting: SHB Jared O'Connor 0-0: Ball
1-0: Swinging Strike
1-1: Fly out, F4 (Flyball, 4D, EV 88.8 MPH)
Top of the 1st over - 1 run, 2 hits, 0 errors, 1 left on base; Lexington 1 - Burlington 0
BOTTOM OF THE 1ST
Burlington Bees batting - Pitching for Lexington Legends : RHP John Stein
Pitching: RHP John Stein
Batting: RHB Jonathan Ellis 0-0: Foul Ball, location: 2F
0-1: Called Strike
0-2: Foul Ball, location: 2F
0-2: Ground out U3 (Groundball, 34, EV 83.8 MPH)
Batting: RHB Ryan Munro 0-0: Ball
1-0: Ball
2-0: Foul Ball, location: 2F
2-1: Ground out 4-3 (Groundball, 4M, EV 86.2 MPH)
Batting: RHB Luis Romero 0-0: Called Strike
0-1: Ball
1-1: Ball
2-1: SINGLE (Line Drive, 8RS, EV 108.1 MPH)
Batting: LHB Rusty Ney 0-0: Ball
1-0: Ball
2-0: Foul Ball, location: 2F
2-1: Called Strike
2-2: DOUBLE (Groundball, 3L, EV 101.9 MPH)
Luis Romero to third
Luis Romero scores
Batting: LHB Jorge Zermeno 0-0: SINGLE (Groundball, P, EV 83.1 MPH) (infield hit)
Rusty Ney to third
Batting: RHB Greg Burdine 0-0: Called Strike
0-1: Ball
1-1: Ball
2-1: Fly out, F4 (Flyball, 34D, EV 86.2 MPH)
Bottom of the 1st over - 1 run, 3 hits, 0 errors, 2 left on base; Lexington 1 - Burlington 1
TOP OF THE 2ND
Lexington Legends batting - Pitching for Burlington Bees : RHP Dave Jackson
Batting: RHB Alex Cid 0-0: Ball
1-0: Ground out 5-3 (Groundball, 56, EV 95.0 MPH)
Batting: SHB Jason Anaya 0-0: Ball
1-0: Ball
2-0: Ball
3-0: Called Strike
3-1: Base on Balls
Batting: RHB Andy Urquhart 0-0: Ball
1-0: Swinging Strike
1-1: Called Strike
1-2: Strikes out swinging
Batting: RHB Allen Crenshaw 0-0: Ball
1-0: Ball
Jason Anaya is caught stealing 2nd base 2-4
Top of the 2nd over - 0 runs, 0 hits, 0 errors, 0 left on base; Lexington 1 - Burlington 1
BOTTOM OF THE 2ND
Burlington Bees batting - Pitching for Lexington Legends : RHP John Stein
Batting: RHB Ben Herman 0-0: Ball
1-0: Called Strike
1-1: Called Strike
1-2: Foul Ball, location: 2F
1-2: Ball
2-2: Strikes out swinging
Batting: SHB Tim Connell 0-0: Ball
1-0: SOLO HOME RUN (Flyball, 9D, EV 96.9 MPH), Distance : 362 ft
Batting: RHB Rob Bly 0-0: Ball
1-0: Ground out 6-3 (Groundball, 6, EV 85.0 MPH)
Batting: RHB Jonathan Ellis 0-0: Ball
1-0: Called Strike
1-1: Ball
2-1: Foul Ball, location: 2F
2-2: Ball
3-2: Fly out, F3 (Popup, 3S, EV 78.1 MPH)
Bottom of the 2nd over - 1 run, 1 hit, 0 errors, 0 left on base; Lexington 1 - Burlington 2
TOP OF THE 3RD
Lexington Legends batting - Pitching for Burlington Bees : RHP Dave Jackson
Batting: RHB Allen Crenshaw 0-0: Ground out 4-3 (Groundball, 34, EV 78.1 MPH)
Batting: RHB Danny Weisse 0-0: Ball
1-0: SOLO HOME RUN (Flyball, 7D, EV 95.6 MPH), Distance : 367 ft
Batting: RHB Justin Bonner 0-0: Called Strike
0-1: Reached on error, E5 (Groundball, 56, EV 101.2 MPH)
Batting: LHB Danny Bailey 0-0: Ball
Justin Bonner is caught stealing 2nd base 2-6
1-0: Swinging Strike
1-1: Foul Ball, location: 2F
1-2: Foul Ball, location: 2F
1-2: Ball
2-2: Ground out 6-3 (Groundball, 4MS, EV 65.6 MPH)
Top of the 3rd over - 1 run, 1 hit, 1 error, 0 left on base; Lexington 2 - Burlington 2
BOTTOM OF THE 3RD
Burlington Bees batting - Pitching for Lexington Legends : RHP John Stein
Batting: RHB Ryan Munro 0-0: Ball
1-0: Ball
2-0: Ball
3-0: Base on Balls
Pitching: RHP Terry Romaine
Batting: RHB Luis Romero 0-0: Ball
1-0: Called Strike
1-1: Called Strike
1-2: Ball
2-2: Fly out, F9 (Flyball, 89D, EV 91.9 MPH)
Batting: LHB Rusty Ney 0-0: Ball
1-0: Foul Ball, location: 2F
1-1: Ball
2-1: Called Strike
2-2: Ball
Wild Pitch!
Ryan Munro to second
3-2: Base on Balls
Batting: LHB Jorge Zermeno 0-0: Fielders Choice at 2nd, 4-6 (Groundball, 4M, EV 83.8 MPH)
Ryan Munro to third
Batting: RHB Greg Burdine 0-0: Ball
1-0: Ball
2-0: Foul Ball, location: 2F
2-1: Foul Ball, location: 2F
2-2: Strikes out swinging
Bottom of the 3rd over - 0 runs, 0 hits, 0 errors, 2 left on base; Lexington 2 - Burlington 2
TOP OF THE 4TH
Lexington Legends batting - Pitching for Burlington Bees : RHP Dave Jackson
Batting: LHB Robby Diaz 0-0: Foul Ball, location: 2F
0-1: Called Strike
0-2: Ball
1-2: Foul Ball, location: 2F
1-2: Ball
2-2: Foul Ball, location: 2F
2-2: Foul Ball, location: 2F
2-2: Foul Ball, location: 2F
2-2: Strikes out swinging
Batting: SHB Jared O'Connor 0-0: Called Strike
0-1: Foul Ball, location: 2F
0-2: Ball
1-2: Ball
2-2: Ground out U3 (Groundball, 34, EV 101.9 MPH)
Batting: RHB Alex Cid 0-0: Called Strike
0-1: Fly out, F9 (Flyball, 89S, EV 83.8 MPH)
Top of the 4th over - 0 runs, 0 hits, 0 errors, 0 left on base; Lexington 2 - Burlington 2
BOTTOM OF THE 4TH
Burlington Bees batting - Pitching for Lexington Legends : RHP Terry Romaine
Batting: RHB Ben Herman 0-0: Ball
1-0: Ball
2-0: Ball
3-0: Called Strike
3-1: Foul Ball, location: 2F
3-2: Base on Balls
Batting: SHB Tim Connell 0-0: SINGLE (Line Drive, 8RS, EV 87.5 MPH)
Ben Herman to second
Batting: RHB Rob Bly 0-0: Called Strike
0-1: Called Strike
0-2: Grounds into double play, 5-4-3 (Groundball, 56, EV 83.1 MPH)
Ben Herman to third
Batting: RHB Jonathan Ellis 0-0: Ball
1-0: Ball
2-0: Called Strike
2-1: Called Strike
2-2: Strikes out swinging
Bottom of the 4th over - 0 runs, 1 hit, 0 errors, 1 left on base; Lexington 2 - Burlington 2
TOP OF THE 5TH
Lexington Legends batting - Pitching for Burlington Bees : RHP Dave Jackson
Batting: SHB Jason Anaya 0-0: Foul Ball, location: 2F
0-1: Swinging Strike
0-2: Strikes out swinging
Batting: RHB Andy Urquhart 0-0: Swinging Strike
0-1: Ball
1-1: Called Strike
1-2: Ball
2-2: Ball
3-2: Foul Ball, location: 2F
3-2: Foul Ball, location: 2F
3-2: Foul Ball, location: 2F
3-2: Foul Ball, location: 2F
3-2: Strikes out swinging
Batting: RHB Allen Crenshaw 0-0: Called Strike
0-1: Fly out, F5 (Popup, 5, EV 81.9 MPH)
Top of the 5th over - 0 runs, 0 hits, 0 errors, 0 left on base; Lexington 2 - Burlington 2
BOTTOM OF THE 5TH
Burlington Bees batting - Pitching for Lexington Legends : RHP Terry Romaine
Batting: RHB Ryan Munro 0-0: Called Strike
0-1: Foul Ball, location: 2F
0-2: Foul Ball, location: 2F
0-2: Foul Ball, location: 2F
0-2: Ball
1-2: Ball
2-2: Foul Ball, location: 2F
2-2: DOUBLE (Line Drive, 5D, EV 95.6 MPH)
Pitching: LHP Ken Milhouse
Batting: RHB Luis Romero 0-0: Swinging Strike
0-1: Called Strike
0-2: Ball
1-2: Foul Ball, location: 2F
1-2: Ball
2-2: Ground out 6-3 (Groundball, 4MS, EV 78.8 MPH)
Ryan Munro to third
Batting: LHB Rusty Ney 0-0: Called Strike
0-1: Fly out, F8 (Flyball, 78M, EV 90.6 MPH)
Runner from 3rd tags up, SCORES, no throw by CF
Batting: LHB Jorge Zermeno 0-0: Ball
1-0: Ball
2-0: Ball
3-0: Base on Balls
Batting: RHB Greg Burdine 0-0: Ball
1-0: Foul Ball, location: 2F
1-1: Ball
2-1: Ball
3-1: Base on Balls
Jorge Zermeno to second
Batting: RHB Ben Herman 0-0: Ground out 5-3 (Groundball, 56S, EV 68.8 MPH)
Bottom of the 5th over - 1 run, 1 hit, 0 errors, 2 left on base; Lexington 2 - Burlington 3
TOP OF THE 6TH
Lexington Legends batting - Pitching for Burlington Bees : RHP Dave Jackson
Batting: RHB Danny Weisse 0-0: Ball
1-0: Ball
2-0: Called Strike
2-1: Ball
3-1: Base on Balls
Batting: RHB Justin Bonner 0-0: Called Strike
Danny Weisse steals 2nd base
0-1: Foul Ball, location: 2F
0-2: Ball
1-2: Ball
2-2: Foul Ball, location: 2F
2-2: Fly out, F8 (Flyball, 8RS, EV 90.0 MPH)
Batting: LHB Danny Bailey 0-0: Called Strike
0-1: Called Strike
0-2: Ball
1-2: Ball
2-2: Ground out U3 (Groundball, 34S, EV 91.2 MPH)
Danny Weisse to third
Pitching: LHP Jose Rivera
Batting: LHB Robby Diaz 0-0: Called Strike
0-1: Swinging Strike
0-2: Fly out, F8 (Flyball, 78M, EV 77.5 MPH)
Top of the 6th over - 0 runs, 0 hits, 0 errors, 1 left on base; Lexington 2 - Burlington 3
BOTTOM OF THE 6TH
Burlington Bees batting - Pitching for Lexington Legends : LHP Ken Milhouse
Batting: SHB Tim Connell 0-0: Ball
1-0: Called Strike
1-1: Ball
2-1: Foul Ball, location: 2F
2-2: Ball
3-2: Reached on error, E6 (Groundball, 6, EV 84.4 MPH)
Batting: RHB Rob Bly 0-0: Ball
1-0: Foul Ball, location: 2F
1-1: Ball
2-1: Foul Ball, location: 2F
2-2: Grounds into double play, 6-4-3 (Groundball, 6, EV 100.6 MPH)
Batting: RHB Jonathan Ellis 0-0: Ground out 4-3 (Groundball, 34, EV 105.6 MPH)
Bottom of the 6th over - 0 runs, 0 hits, 1 error, 0 left on base; Lexington 2 - Burlington 3
TOP OF THE 7TH
Lexington Legends batting - Pitching for Burlington Bees : LHP Jose Rivera
Pitching: LHP Cody Bodenhamer
Batting: SHB Jared O'Connor 0-0: Called Strike
0-1: Foul Ball, location: 2F
0-2: Ball
1-2: Ball
2-2: Foul Ball, location: 2F
2-2: Strikes out swinging, 2-3 out at first.
Batting: RHB Alex Cid 0-0: Ball
1-0: Foul Ball, location: 2F
1-1: Swinging Strike
1-2: Strikes out swinging
Batting: SHB Jason Anaya 0-0: Ball
1-0: Ball
2-0: Called Strike
2-1: Foul Ball, location: 2F
2-2: Ball
3-2: Base on Balls
Batting: RHB Andy Urquhart 0-0: Ball
1-0: Foul Ball, location: 2F
1-1: Ball
2-1: Called Strike
2-2: Ball
3-2: Foul Ball, location: 2F
3-2: Foul Ball, location: 2F
3-2: Ground out U3 (Groundball, 13, EV 86.2 MPH)
Top of the 7th over - 0 runs, 0 hits, 0 errors, 1 left on base; Lexington 2 - Burlington 3
BOTTOM OF THE 7TH
Burlington Bees batting - Pitching for Lexington Legends : LHP Ken Milhouse
Pitching: LHP Cory Musial
Batting: RHB Ryan Munro 0-0: Swinging Strike
0-1: Ball
1-1: Ball
2-1: DOUBLE (Line Drive, 3D, EV 98.8 MPH)
Batting: RHB Luis Romero 0-0: Intentional Walk
Batting: LHB Rusty Ney 0-0: Swinging Strike
0-1: Foul Ball, location: 2F
0-2: Ball
1-2: Strikes out swinging
Batting: LHB Jorge Zermeno 0-0: Called Strike
0-1: Fly out, F9 (Flyball, 9, EV 96.9 MPH)
Batting: RHB Greg Burdine 0-0: Swinging Strike
0-1: Foul Ball, location: 2F
0-2: Ball
1-2: Ball
2-2: Foul Ball, location: 2F
2-2: Strikes out swinging
Bottom of the 7th over - 0 runs, 1 hit, 0 errors, 2 left on base; Lexington 2 - Burlington 3
TOP OF THE 8TH
Lexington Legends batting - Pitching for Burlington Bees : LHP Cody Bodenhamer
Pitching: RHP Craig Murphy
Batting: RHB Allen Crenshaw 0-0: Ball
1-0: Ball
2-0: Foul Ball, location: 2F
2-1: Swinging Strike
2-2: Foul Ball, location: 2F
2-2: Strikes out looking
Batting: RHB Danny Weisse 0-0: Called Strike
0-1: Ground out 1-3 (Groundball, 25, EV 65.0 MPH)
Pinch Hitting: LHB Ho-win Zhou 0-0: Ball
1-0: Called Strike
1-1: Ball
2-1: Called Strike
2-2: Ball
3-2: Foul Ball, location: 2F
3-2: Base on Balls
Batting: LHB Danny Bailey 0-0: Ball
Passed Ball!
Ho-win Zhou to second
1-0: Foul Ball, location: 2F
1-1: Swinging Strike
1-2: Foul Ball, location: 2F
1-2: Foul Ball, location: 2F
1-2: Foul Ball, location: 2F
1-2: Ball
2-2: Ground out U3 (Groundball, 34S, EV 71.9 MPH)
Top of the 8th over - 0 runs, 0 hits, 0 errors, 1 left on base; Lexington 2 - Burlington 3
BOTTOM OF THE 8TH
Burlington Bees batting - Pitching for Lexington Legends : LHP Cory Musial
Pitching: RHP Austin Aubuchon
Now at 1B: Ho-win Zhou
Now at 2B: Jason Anaya
Batting: RHB Ben Herman 0-0: Ball
1-0: DOUBLE (Line Drive, 9LS, EV 101.2 MPH)
Batting: SHB Tim Connell 0-0: Intentional Walk
Batting: RHB Rob Bly 0-0: Bunted foul
0-1: Bunted foul
0-2: Ball
1-2: Foul Ball, location: 2F
1-2: Foul Ball, location: 2F
1-2: Ball
Passed Ball!
Ben Herman to third
Tim Connell to second
2-2: Foul Ball, location: 2F
2-2: Foul Ball, location: 2F
2-2: Foul Ball, location: 2F
2-2: Ball
3-2: Base on Balls
Batting: RHB Jonathan Ellis 0-0: GRAND SLAM HOME RUN (Flyball, 7LD, EV 92.5 MPH), Distance : 352 ft
Pitching: LHP Anton Erlykov
Batting: RHB Ryan Munro 0-0: Ball
1-0: Foul Ball, location: 2F
1-1: Swinging Strike
1-2: Ball
2-2: Strikes out swinging
Batting: RHB Luis Romero 0-0: Ball
1-0: Ground out 6-3 (Groundball, 6, EV 106.9 MPH)
Batting: LHB Rusty Ney 0-0: Swinging Strike
0-1: Ball
1-1: Swinging Strike
1-2: Strikes out swinging
Bottom of the 8th over - 4 runs, 2 hits, 0 errors, 0 left on base; Lexington 2 - Burlington 7
TOP OF THE 9TH
Lexington Legends batting - Pitching for Burlington Bees : RHP Craig Murphy
Batting: LHB Robby Diaz 0-0: Ball
1-0: Ball
2-0: Ball
3-0: Base on Balls
Batting: SHB Jared O'Connor 0-0: Ball
1-0: Called Strike
1-1: Ball
2-1: Ball
3-1: Foul Ball, location: 2F
3-2: Strikes out looking
Pitching: LHP Jordan Galdamez
Batting: RHB Alex Cid 0-0: Swinging Strike
0-1: Ball
1-1: SINGLE (Groundball, 6D, EV 106.9 MPH)
Robby Diaz to second
Batting: SHB Jason Anaya 0-0: Called Strike
0-1: Ball
1-1: Ball
2-1: SINGLE (Flyball, 9S, EV 95.0 MPH)
Robby Diaz to third
Alex Cid to second
Batting: RHB Andy Urquhart 0-0: Swinging Strike
0-1: Ball
1-1: Foul Ball, location: 2F
1-2: Strikes out swinging
Batting: RHB Allen Crenshaw 0-0: Called Strike
0-1: Swinging Strike
0-2: Ball
1-2: Foul Ball, location: 2F
1-2: Ball
2-2: Ball
3-2: Foul Ball, location: 2F
3-2: Strikes out looking
Top of the 9th over - 0 runs, 2 hits, 0 errors, 3 left on base; Lexington 2 - Burlington 7
Thursday, March 31st , 2022 - OOTP Baseball 22.12 Build 89